 Dungeon Crawl Stone Soup version 0.25-a0-578-gc91f01c39c (webtiles) character file.

Game seed: 1508705064116521765, levelgen mode: deterministic

339 An17 the Insei (level 6, 0/30 HPs)
             Began as a Vine Stalker Transmuter on Mar 6, 2020.
             Succumbed to a worker ant's poison
             ... on level 4 of the Dungeon.
             The game lasted 00:11:30 (2202 turns).

An17 the Insei (Vine Stalker Transmuter)            Turns: 2202, Time: 00:11:30

Health: 0/30       AC:  5    Str: 14    XL:     6   Next: 55%
Magic:  4/11       EV: 21    Int: 14    God:
Gold:   263        SH:  3    Dex: 19    Spells: 1/11 levels left

rFire    . . .     SeeInvis .     - Unarmed
rCold    . . .     Gourm    .   (shield currently unavailable)
rNeg     . . .     Faith    .   (armour currently unavailable)
rPois    x         Spirit   +   (helmet currently unavailable)
rElec    .         Reflect  +   (cloak currently unavailable)
rCorr    .         Harm     .   (gloves currently unavailable)
MR       .....                  (boots currently unavailable)
Stlth    ++........             k - +3 amulet of reflection
HPRegen  0.50/turn              i - +3 ring of protection
MPRegen  0.12/turn              p - ring of wizardry

@: lethally poisoned (0 -> -6), spider-form (expiring), hasted, lightly drained,
very quick
A: tiny, regeneration 1, magic shield, no potion heal 3, rot immunity
a: End Transformation


You were on level 4 of the Dungeon.
You were not hungry.
You were a venomous arachnid creature.
You visited 1 branch of the dungeon, and saw 4 of its levels.

You collected 263 gold pieces.

Inventory:

Missiles
 a - 22 arrows
Armour
 e - a +2 robe of magic resistance (melded)
 h - a +0 pair of gloves (melded)
 j - a +2 cloak (melded)
 r - a +0 ring mail
 s - a +2 chain mail of positive energy
Jewellery
 i - a +3 ring of protection (left front leg)
 k - a +3 amulet of reflection (around neck)
 m - a +1 ring of protection
 p - a ring of wizardry (right front leg)
 q - an uncursed ring of protection from cold
Scrolls
 b - 4 scrolls of remove curse
 f - 2 scrolls of amnesia
 g - a scroll of immolation
Potions
 c - a potion of magic
 l - a potion of heal wounds
 o - a potion of brilliance
Comestibles
 d - 6 rations


   Skills:
 + Level 1.1 Fighting
 + Level 2.8(2.7) Dodging
 + Level 5.3(5.2) Unarmed Combat
 + Level 3.3(3.2) Spellcasting
 + Level 3.1 Transmutations


You had one spell level left.
You knew the following spells:

 Your Spells              Type           Power        Failure   Level  Hunger
a - Beastly Appendage     Tmut           ##....       7%          1    #......
b - Sticks to Snakes      Tmut           ##......     9%          2    ##.....
c - Spider Form           Tmut/Pois      #.........   26%         3    ###....
d - Ice Form              Ice/Tmut       #.......     56%         4    #####..

Your spell library contained the following spells:

 Spells                   Type           Power        Failure   Level  Hunger
 Blade Hands              Tmut           ##........   67%         5    ######.


Dungeon Overview and Level Annotations

Branches:
Dungeon (4/15)
 Temple: D:4-7

Altars:


Innate Abilities, Weirdness & Mutations

((You have extremely sharp teeth.))
Your natural rate of healing is unusually fast.
When hurt, damage is shared between your health and your magic reserves.
((Your bite disrupts and absorbs the magic of your enemies.))
Potions cannot restore your health.
You are immune to rotting.


Message History

The worker ant is almost dead.
Your transformation is almost over.
* * * LOW HITPOINT WARNING * * *
You feel sick. The orc barely misses you. The worker ant completely misses you.
The orc misses you.
* * * LOW HITPOINT WARNING * * *
You feel sick.
You kill the worker ant!
The orc misses you.
You hit the orc.
The orc is poisoned.
The orc is severely wounded.
* * * LOW HITPOINT WARNING * * *
You feel sick.
You kill the orc!
You block the orc's attack.
* * * LOW HITPOINT WARNING * * *
You feel sick.
Okay, then.
It was a potion of haste.
You feel yourself speed up.
You die...

....... .#... .....
.##.#.. ##... .
#.#...... #...
...#....... #..#
...##....... #..# .#
...# #.....##+##..#
#..# ..#
#.....##.##o)##.....
..#
#.....##.##.........
###
#.....##.##s.##....#
#............# ...#
######......#.##..# ...
....##......#........
..
#.#.##......#..#.###..[
# #.#.###'###.#..#.# ..
#.#.###.###.#..#.# .
..#)...........#.#
#######.#####..#.#


You could see an orc.

Vanquished Creatures
  Menkaure (D:4)
  An orc wizard (D:4)
  A worker ant (D:4)
  8 adders
  An adder zombie (D:2)
  An adder skeleton (D:4)
  3 dart slugs
  2 worms
  2 leopard geckos
  10 orcs
  3 ball pythons
  4 bats
  2 giant cockroaches
  9 goblins
  8 hobgoblins
  A jackal (D:1)
  9 kobolds
  A quokka (D:2)
  6 frilled lizards
  8 rats
81 creatures vanquished.

Notes
Turn   | Place    | Note
-------+----------+-------------------------------------------
     0 | D:1      | An17 the Vine Stalker Transmuter began the quest for the
                  | Orb.
     0 | D:1      | Reached XP level 1. HP: 9/9 MP: 4/4
   116 | D:1      | Reached XP level 2. HP: 6/14 MP: 4/6
   356 | D:1      | Learned a level 2 spell: Sticks to Snakes
   746 | D:1      | Reached XP level 3. HP: 15/17 MP: 4/7
   751 | D:1      | Learned a level 3 spell: Spider Form
   781 | D:2      | Reached skill level 1 in Fighting
   847 | D:2      | Gained mutation: Your natural rate of healing is unusually
                  | fast. [Vine Stalker growth]
   847 | D:2      | Reached XP level 4. HP: 11/22 MP: 7/9
   971 | D:2      | Reached skill level 4 in Unarmed Combat
  1398 | D:3      | Reached XP level 5. HP: 25/25 MP: 8/10
  1769 | D:3      | Learned a level 4 spell: Ice Form
  2132 | D:4      | Noticed Menkaure
  2138 | D:4      | Killed Menkaure
  2138 | D:4      | Reached skill level 5 in Unarmed Combat
  2138 | D:4      | Reached XP level 6. HP: 30/30 MP: 11/11
  2200 | D:4      | HP: 1/30 [poisoned by a worker ant]
  2202 | D:4      | Succumbed to a worker ant's poison

Levels and vault maps discovered:
D:1:      lightli_arrival_statue_moat, layout_basic, minmay_tetromino_i2
D:2:      layout_rooms
D:3:      minmay_chambers_of_twos, layout_basic
D:4:      layout_basic, minmay_temple_entry_oklob, first_ration,
          nicolae_gozag_cash_rules_everything_around_me, uniq_menkaure

Skill      XL: |  1  2  3  4  5 |
---------------+----------------+-----
Fighting       | 1 |  1.1
Dodging        | 2 |  2.8
Unarmed Combat | 4 5 |  5.3
Spellcasting   | 3 |  3.3
Transmutations | 3 |  3.1

Action                   |  1- 3 |  4- 6 || total
-------------------------+-------+-------++-------
Melee: Unarmed           |    69 |   178 ||   247
       Bite              |    12 |    29 ||    41
       Headbutt          |     8 |    13 ||    21
       Kick              |     6 |    11 ||    17
       Punch             |     1 |     3 ||     4
 Cast: Beastly Appendage |    13 |    17 ||    30
       Spider Form       |       |     2 ||     2
  Use: Scroll            |    10 |     6 ||    16
       Potion            |       |     1 ||     1
 Stab: Sleeping          |       |     2 ||     2
  Eat: Ration            |       |     2 ||     2
Armor: Robe              |    13 |    55 ||    68
Dodge: Dodged            |    49 |   138 ||   187
Block: Other             |       |    15 ||    15

Table legend:
 A = Non-vault XP
 B = Vault XP
 C = Vault XP percentage of total XP
 D = Non-vault monster count
 E = Vault monster count
 F = Vault count percentage of total count
                 A         B        C        D         E       F
            +---------+---------+-------+---------+---------+-------
      Total |     311 |     174 |  35.9 |      71 |      10 |  12.3
            +---------+---------+-------+---------+---------+-------
        D:1 |      32 |       2 |   5.9 |      16 |       1 |   5.9
        D:2 |     106 |       0 |   0.0 |      25 |       0 |   0.0
        D:3 |      66 |      15 |  18.5 |      21 |       8 |  27.6
        D:4 |     107 |     157 |  59.5 |       9 |       1 |  10.0
            +---------+---------+-------+---------+---------+-------
